 Dungeon Crawl Stone Soup version 0.31-a0-95-g6fa058ef04 (webtiles) character file.

Game seed: 10069869855056004879

19618 Jackthecabe the Dealer of Despair (level 12, -2/92 HPs)
             Began as a Mummy Necromancer on May 25, 2023.
             Was an Elder of Kikubaaqudgha.
             Hit by a javelin thrown by a minotaur (25 damage)
             ... in a Gauntlet on May 26, 2023.
             The game lasted 01:00:25 (19717 turns).

Jackthecabe the Dealer of Despair (MuNe)           Turns: 19717, Time: 01:00:26

Health: -2/92      AC: 11    Str: 11    XL:     12   Next: 38%
Magic:  12/21      EV: 14    Int: 18    God:    Kikubaaqudgha [****..]
Gold:   735        SH:  0    Dex: 14    Spells: 3/23 levels left

rFire   + . .        f - +3 trident (venom)
rCold   + + .        (no shield)
rNeg    + + +        r - +2 leather armour {rN+}
rPois   ∞            j - +0 helmet
rElec   .            v - scarf {rC+ rF+}
rCorr   .            h - +0 pair of gloves
SInv    .            (no boots)
Will    +....        (no amulet)
Stlth   ++           F - ring of protection from fire
HPRegen 0.35/turn    T - +4 ring of protection
MPRegen 0.17/turn

%: no teleportation, faith
@: no status effects
A: cold resistance 1, negative energy resistance 3, torment resistance 2, heat
vulnerability 1, in touch with death 1, no potions, faith
a: Renounce Religion, Unearth Wretches


You were in a Gauntlet.
You worshipped Kikubaaqudgha.
Kikubaaqudgha was greatly pleased with you.
You visited 3 branches of the dungeon, and saw 15 of its levels.
You also visited: Sewer, Bailey and Gauntlet.

You collected 1025 gold pieces.
You spent 290 gold pieces at shops.


Innate Abilities, Weirdness & Mutations

You are immune to poison.
Your flesh is cold resistant. (rC+)
You are immune to negative energy. (rN+++)
You are immune to unholy pain and torment.
You are vulnerable to heat. (rF-)
You are in touch with the powers of death.
You do not drink.
You have a special connection with the divine. (Faith)


   Skills:
 - Level 8.0 Fighting
 - Level 6.0 Polearms
 - Level 7.0 Dodging
 - Level 1.5 Stealth
 * Level 6.3 Spellcasting
 - Level 4.3 Conjurations
 - Level 10.0 Necromancy
 - Level 4.3 Ice Magic
 - Level 8.0 Earth Magic


You had 3 spell levels left.
You knew the following spells:

 Your Spells              Type           Power      Damage    Failure   Level
a - Animate Dead          Necr           58%        N/A       2%          4
b - Borgnjor's Vile Clut  Necr/Erth      26%        N/A       14%         5
n - Dispel Undead         Necr           58%        3d21      2%          4
v - Vampiric Draining     Necr           58%        2d10      1%          3
X - Necrotise             Necr           100%       1d9       1%          1
Y - Hailstorm             Conj/Ice       18%        3d6       11%         3

Your spell library contained the following spells:

 Spells                   Type           Power      Damage    Failure   Level
 Kiss of Death            Conj/Necr      100%       2d13      1%          1
 Cigotuvi's Dreadful Rot  Necr/Pois/Air  40%        N/A       9%          2
 Inner Flame              Hex/Fire       2%         N/A       54%         3
 Agony                    Necr           58%        N/A       7%          5
 Death Channel            Necr           29%        N/A       36%         6
 Simulacrum               Ice/Necr       21%        N/A       86%         6
 Yara's Violent Unravell  Hex/Tmut       1%         3d3       99%         5
 Enfeeble                 Hex            2%         N/A       100%        7
 Ice Form                 Ice/Tmut       Unusable   N/A       N/A         4

Inventory:

Hand Weapons
 f - a +3 trident of venom (weapon)
 u - the +5 morningstar "Jatoozig" {pain, Dex+3}
   (You found it on level 6 of the Dungeon)

   Dex:       It affects your dexterity (+3).
 y - a +5 morningstar of freezing
 B - a +6 trident of freezing
 C - the +3 broad axe "Ciekhl Gusa" {speed, rC+ rCorr}
   (You found it in a Gauntlet)

   rC:        It protects you from cold.
   rCorr:     It protects you from acid and corrosion.
Missiles
 b - 3 curare-tipped darts {=f}
 o - 40 poisoned darts
Armour
 a - a +1 tower shield of protection
 h - a +0 pair of gloves (worn)
 j - a +0 helmet (worn)
 r - a +2 leather armour of positive energy (worn)
 v - a scarf of resistance (worn)
 E - the scarf "Loiher" {harm, Dex+2}
   (You found it in a Gauntlet)

   Dex:       It affects your dexterity (+2).
Magical Staves
 s - a staff of earth {!a}
Jewellery
 c - a ring of ice
 F - a ring of protection from fire (left hand)
 T - a +4 ring of protection (right hand)
 Y - a +4 ring of slaying
Wands
 e - a wand of charming (19)
 p - a wand of quicksilver (23)
 z - a wand of flame (2)
 G - a wand of polymorph (5)
Scrolls
 d - a scroll of silence {!r}
 g - 2 scrolls of poison
 i - 4 scrolls of vulnerability
 k - a scroll of fog
 l - 2 scrolls of magic mapping
 m - 5 scrolls of immolation
 n - 2 scrolls of enchant armour
 q - a scroll of teleportation {@r2}
 w - a scroll of brand weapon
 x - a scroll of enchant weapon
 A - a scroll of torment
 D - 4 scrolls of amnesia
Miscellaneous
 t - a lightning rod (4/4)

Dungeon Overview and Level Annotations

Branches:
Dungeon (12/15)            Temple (1/1) D:7            Lair (2/5) D:10
    Orc (0/2) D:11          Sewer (visited)          Bailey (visited)
Gauntlet (1/1)
  Swamp: Lair:2-3    Shoals: Lair:2-3     Snake: Lair:2-3    Spider: Lair:2-3

Altars:
Ashenzari
Cheibriados
Dithmenos
Fedhas
Gozag
Hepliaklqana
Kikubaaqudgha
Makhleb
Nemelex Xobeh
Okawaru
Qazlal
Ru
Sif Muna
Trog
Uskayaw
Vehumet
Wu Jian
Xom
Yredelemnul
Lugonu

Shops:
D:1 (   D:2 =   D:11 ?

Annotations:
D:7 exclusions: centaur and 1 more exclusion
D:10 Harold
D:11 exclusion: obsidian statue Gauntlet 6 transporters, exclusion: orange crystal statue

▒▒
▒▒▒▒▒▒▒▒▒▒▒▒▒▒▒▒▒
▒▒
................
⌠.⌠.⌠.©.©.⌠.⌠.⌠.
................
▓▓▓.▓▓▓.▓▓▓.▓▓▓▓
▓▓▓.▓▓▓.▓▓▓.▓▓
▓.............▓
▓.▓▓▓.▓▓▓.▓▓▓.▓
▓.....@.......▓
▓▓▓####'###▓▓▓▓
#.# ∩H. .(.⌠+
'⌠...# ##..⌠.#
###+##


You could see a minotaur (poisoned, slow, clutched).


Message History

The minotaur struggles to escape constriction.
Throw: 41 darts (poison)
Press: ? - help, Shift-Dir - straight line, f/p - minotaur
Aim: a minotaur, wielding the +1 bardiche of Winter {freeze, +Blink Will+ Str+3}, wearing a +0 chain mail and quivering javelins (moderately wounded, very poisoned, slow, constricted by zombie hands, 94% to hit)
You throw a poisoned dart. The poisoned dart hits the minotaur.
The minotaur is moderately wounded.
The zombie hands constrict the minotaur.
The zombie hands release their grip on the minotaur.
Casting: Borgnjor's Vile Clutch (dangerous; 14% risk of failure)
Confirm with . or Enter, or press ? or * to list all spells.
Aiming: Borgnjor's Vile Clutch (dangerous; 14% risk of failure)
Press: ? - help, Shift-Dir - straight line, f/p - minotaur
Aim: a minotaur, wielding the +1 bardiche of Winter {freeze, +Blink Will+ Str+3}, wearing a +0 chain mail and quivering javelins (moderately wounded, very poisoned, slow, 100% to hit)
You feel a surge of power!
Zombie hands grab the minotaur.
The zombie hands constrict the minotaur.
The zombie hands constrict the minotaur.
The minotaur throws a javelin.
The javelin closely misses you.
Your +6 trident of freezing stops glowing.
Your +3 trident of venom begins to drip with poison!
f - a +3 trident of venom (weapon)
The zombie hands constrict the minotaur.
The zombie hands constrict the minotaur!
The minotaur hits you from afar with the +1 bardiche of Winter {freeze, +Blink Will+ Str+3}!!
* * * LOW HITPOINT WARNING * * *
There is an open door here.
The zombie hands constrict the minotaur!
The minotaur throws a javelin.
The javelin pierces through you!!
You die...
Kikubaaqudgha rasps: "You have failed me!
Welcome... oblivion!"

Skill      XL: |  1  2  3  4  5  6  7  8  9 10 11 12 |
---------------+-------------------------------------+-----
Spellcasting   | 3 4 5 6 |  6.3
Necromancy     | 5 6 7 8 10 | 10.0
Polearms       | 1 2 5 6 |  6.0
Fighting       | 1 4 8 |  8.0
Dodging        | 5 7 |  7.0
Conjurations   | 2 4 |  4.3
Ice Magic      | 2 4 |  4.3
Earth Magic    | 6 8 |  8.0
Stealth        | |  1.5

Action                     |  1- 3 |  4- 6 |  7- 9 | 10-12 || total
---------------------------+-------+-------+-------+-------++-------
  Melee: Unarmed           |     3 |       |       |       ||     3
         Trident           |       |    90 |   311 |   460 ||   861
         Punch             |       |     2 |       |     4 ||     6
  Throw: Dart              |       |       |     4 |    49 ||    53
   Cast: Necrotise         |    77 |    97 |    43 |    18 ||   235
         Vampiric Draining |       |     2 |     3 |    43 ||    48
         Animate Dead      |       |     2 |     4 |     6 ||    12
         Borgnjor's Vile C |       |       |       |    21 ||    21
  Evoke: Wand              |       |       |       |     8 ||     8
    Use: Scroll            |       |       |     6 |    11 ||    17
   Stab: Sleeping          |       |     3 |     2 |     1 ||     6
         Distracted        |       |       |     1 |     3 ||     4
 Armour: Robe              |     7 |    24 |     3 |       ||    34
         Leather armour    |       |       |    55 |   119 ||   174
  Dodge: Dodged            |     9 |    77 |   133 |   251 ||   470

Levels and vault maps discovered:
D:1:      ncdulo_wetmaze, layout_basic, serial_shops, shop_statue
D:2:      layout_basic, serial_shops, shop, minmay_hedge_maze
D:3:      layout_basic, dilly_ecumenical_altar_fadedgnrine,
          kennysheep_jessica_study, uniq_jessica
D:4:      layout_basic, grunt_qazlal_clouds
D:5:      layout_loops_ring, portal_sewer_entry_c, sigmund_army, uniq_duvessa
D:6:      layout_rooms, mainiacjoe_overflow_cross_hatched, amcnicky_altar_gilded
D:7:      minmay_chambers_of_fours, layout_basic,
          gammafunk_temple_overflow_claw, nicolae_wu_jian_immortal_techniques,
          mainiacjoe_overflow_small_starburst, mainiacjoe_overflow_paths,
          vehumet_altar_wand_db, minmay_temple_entry_offerings, serial_rivers,
          chequers_serial_rivers_small_3, chequers_serial_rivers_large_b,
          chequers_serial_rivers_micro_b, chequers_serial_rivers_micro_b,
          chequers_serial_rivers_micro_d, kennysheep_generic_room_10
D:8:      layout_basic, mainiacjoe_overflow_alcove_4, okawaru_ov_weapons_minmay
D:9:      layout_irregular_city, nemelex_spade_bored_becter, minmay_nine_imps
D:10:     layout_loops_ring, general_overflow_altar, erik_lair_orcish_takeover,
          enter_bailey_2, uniq_maurice, uniq_harold, uniq_josephine
D:11:     minmay_statue_hallways, layout_grid_maze,
          kennysheep_orc_monster_closet_entryway, serial_shops,
          nicolae_shop_behind_doors
D:12:     cheibrodos_ideogram_h, layout_layer_cave, uniq_snorg, uniq_azrael
Temple:   corrupted_temple
Lair:1:   layout_hall_layers, chequers_serial_rivers_large_a
Lair:2:   layout_long_grid, hellmonk_spider_entry_not_the_bees,
          gauntlet_entry_generic, chequers_serial_rivers_room_a
Gauntlet: minmay_gauntlet_77_indecision [minmay_gauntlet_arena_77_box,
          minmay_gauntlet_arena_77_mirror,
          minmay_gauntlet_arena_77_chump_sandwich,
          minmay_gauntlet_arena_77_checkered,
          minmay_gauntlet_arena_77_tiled_triplets,
          minmay_gauntlet_arena_77_two_lines, gauntlet_exit_hidden_loot]

Notes
Turn   | Place    | Note
-------+----------+-------------------------------------------
     0 | D:1      | Jackthecabe the Mummy Necromancer began the quest for the
                  | Orb.
     0 | D:1      | Reached XP level 1. HP: 13/13 MP: 4/4
   101 | D:1      | Reached skill level 3 in Spellcasting
   143 | D:1      | Found Jyn Fear's Antique Weapon Emporium.
   249 | D:1      | Reached XP level 2. HP: 19/19 MP: 4/6
   718 | D:1      | Gained mutation: You are in touch with the powers of death.
                  | [Mummy growth]
   718 | D:1      | Reached XP level 3. HP: 21/24 MP: 0/7
  1031 | D:1      | Reached skill level 5 in Necromancy
  1709 | D:2      | Reached XP level 4. HP: 23/30 MP: 1/8
  2361 | D:2      | Found Ulavveha's Jewellery Shop.
  2502 | D:3      | Reached skill level 6 in Necromancy
  2575 | D:3      | Noticed Jessica
  2586 | D:3      | Killed Jessica
  2587 | D:3      | Reached XP level 5. HP: 35/35 MP: 5/9
  2591 | D:3      | Learned a level 3 spell: Vampiric Draining
  2596 | D:3      | Learned a level 4 spell: Animate Dead
  3329 | D:3      | Found a faded altar of an unknown god.
  3449 | D:3      | Reached skill level 1 in Polearms
  3788 | D:4      | Found a stormy altar of Qazlal.
  3944 | D:4      | Reached XP level 6. HP: 41/41 MP: 10/10
  4302 | D:5      | Entered Level 5 of the Dungeon
  4302 | D:5      | Noticed Duvessa
  4302 | D:5      | Noticed Dowan
  4357 | D:5      | Reached skill level 7 in Necromancy
  4468 | D:5      | Found a glowing drain.
  4489 | D:5      | Reached skill level 2 in Polearms
  4569 | Sewer    | Entered a sewer
  4997 | Sewer    | Reached XP level 7. HP: 33/46 MP: 7/11
  5581 | D:5      | Reached skill level 3 in Polearms
  6041 | D:5      | Killed Duvessa
  6042 | D:5      | Reached skill level 8 in Necromancy
  6190 | D:5      | Killed Dowan
  6191 | D:5      | Reached skill level 4 in Polearms
  6661 | D:6      | Reached skill level 5 in Polearms
  6661 | D:6      | Reached XP level 8. HP: 28/52 MP: 5/12
  6781 | D:6      | Found a broken altar of Ashenzari.
  7338 | D:6      | Found an ancient bone altar of Kikubaaqudgha.
  7355 | D:6      | Identified the +5 morningstar "Jatoozig" {pain, Dex+3}
  7364 | D:6      | Became a worshipper of Kikubaaqudgha
  7441 | D:7      | Reached skill level 6 in Polearms
  7641 | D:7      | Found a shadowy altar of Dithmenos.
  7660 | D:7      | Identified a scarf of resistance
  7720 | D:7      | Found a hide-covered altar of Uskayaw.
  7882 | D:7      | Found an ornate altar of the Wu Jian Council.
  7972 | D:7      | Reached skill level 9 in Necromancy
  8366 | D:7      | Found a radiant altar of Vehumet.
  8383 | D:7      | Found a staircase to the Ecumenical Temple.
  8396 | Temple   | Entered the Ecumenical Temple
  8648 | D:7      | Reached skill level 10 in Necromancy
  8651 | D:7      | Reached skill level 1 in Fighting
  8651 | D:7      | Reached XP level 9. HP: 56/59 MP: 13/13
  8705 | D:7      | Reached * piety under Kikubaaqudgha
  8705 | D:7      | Received a gift from Kikubaaqudgha
  8781 | D:7      | Reached skill level 2 in Fighting
  8923 | D:7      | Reached skill level 4 in Spellcasting
  8945 | D:7      | Noticed a manticore
  8954 | D:7      | Reached skill level 3 in Fighting
  9128 | D:7      | Found a shimmering blue altar of Sif Muna.
  9128 | D:7      | Found a snail-covered altar of Cheibriados.
  9129 | D:7      | Found an opulent altar of Gozag.
  9291 | D:8      | Reached skill level 4 in Fighting
  9295 | D:8      | Reached skill level 2 in Dodging
  9314 | D:8      | Reached skill level 3 in Dodging
  9352 | D:8      | Found an iron altar of Okawaru.
  9613 | D:8      | Reached skill level 4 in Dodging
 10018 | D:8      | Learned a level 3 spell: Hailstorm
 10079 | D:8      | Reached skill level 5 in Dodging
 10079 | D:8      | Reached skill level 1 in Conjurations
 10079 | D:8      | Reached skill level 1 in Ice Magic
 10531 | D:9      | Noticed a two-headed ogre
 10544 | D:9      | Killed a two-headed ogre
 10544 | D:9      | Reached ** piety under Kikubaaqudgha
 10545 | D:9      | Reached skill level 2 in Conjurations
 10545 | D:9      | Reached skill level 2 in Ice Magic
 10545 | D:9      | Reached XP level 10. HP: 71/71 MP: 13/16
 10696 | D:9      | Noticed a two-headed ogre
 11165 | D:9      | Reached skill level 3 in Conjurations
 11166 | D:9      | Reached skill level 3 in Ice Magic
 11214 | D:9      | Killed a two-headed ogre
 11215 | D:9      | Reached skill level 6 in Dodging
 11566 | D:9      | Found a sparkling altar of Nemelex Xobeh.
 11656 | D:10     | Entered Level 10 of the Dungeon
 11659 | D:10     | Identified a scroll of acquirement
 11682 | D:10     | Found a blossoming altar of Fedhas.
 11704 | D:10     | Noticed a two-headed ogre
 11730 | D:10     | Killed a two-headed ogre
 11731 | D:10     | Reached skill level 4 in Conjurations
 11731 | D:10     | Reached skill level 4 in Ice Magic
 11967 | D:10     | Reached skill level 7 in Dodging
 11995 | D:10     | Found a flagged portal.
 11998 | D:10     | Noticed a two-headed ogre
 12011 | D:10     | Killed a two-headed ogre
 12011 | D:10     | Reached *** piety under Kikubaaqudgha
 12011 | D:10     | Received a gift from Kikubaaqudgha
 12018 | D:10     | Learned a level 5 spell: Borgnjor's Vile Clutch
 12065 | Bailey   | Entered a bailey
 12082 | Bailey   | Reached XP level 11. HP: 76/78 MP: 17/17
 12418 | Bailey   | Noticed an orc knight
 12436 | Bailey   | Noticed an orc knight
 12593 | Bailey   | Killed an orc knight
 12594 | Bailey   | Reached skill level 5 in Fighting
 12594 | Bailey   | Reached skill level 1 in Earth Magic
 12633 | Bailey   | Identified the +4 quarterstaff of Mandamus {holy, *Slow
                  | rElec Int+4}
 12709 | Bailey   | HP: 8/80 [orc knight/the +4 quarterstaff of Mandamus {holy,
                  | *Slow rElec Int+4} (15)]
 12900 | Bailey   | Killed an orc knight
 13339 | D:10     | Found a staircase to the Lair.
 13513 | D:10     | Noticed Maurice
 13540 | D:10     | Killed Maurice
 13666 | D:10     | Noticed Harold
 13808 | D:10     | Noticed Josephine
 13846 | D:10     | Killed Josephine
 13847 | D:10     | Reached skill level 6 in Fighting
 13847 | D:10     | Reached skill level 2 in Earth Magic
 14192 | D:10     | Noticed a two-headed ogre
 14218 | D:10     | Killed a two-headed ogre
 14219 | D:10     | Reached skill level 7 in Fighting
 14725 | D:11     | Reached skill level 3 in Earth Magic
 15142 | D:11     | Noticed an obsidian statue
 15189 | D:11     | Found Qoevat's Magic Scroll Emporium.
 15192 | D:11     | Bought a scroll of silence for 104 gold pieces
 15192 | D:11     | Bought a scroll of brand weapon for 104 gold pieces
 15192 | D:11     | Bought a scroll of enchant weapon for 82 gold pieces
 15195 | D:11     | Acquired a ring of protection from fire
 15406 | D:11     | Reached skill level 8 in Fighting
 15580 | D:11     | Found a staircase to the Orcish Mines.
 15587 | D:11     | Reached **** piety under Kikubaaqudgha
 15593 | D:11     | Reached skill level 5 in Spellcasting
 15599 | D:11     | Reached skill level 4 in Earth Magic
 16010 | D:11     | Reached skill level 5 in Earth Magic
 16408 | D:11     | Learned a level 4 spell: Dispel Undead
 16417 | D:12     | Noticed a brown ugly thing
 16430 | D:11     | Killed a brown ugly thing
 16543 | Lair:1   | Entered Level 1 of the Lair of Beasts
 16814 | Lair:1   | Reached skill level 6 in Earth Magic
 17008 | Lair:1   | Reached XP level 12. HP: 77/92 MP: 9/19
 17236 | Lair:1   | Noticed a six-headed hydra
 17245 | Lair:1   | Killed a six-headed hydra
 17246 | Lair:1   | Reached skill level 7 in Earth Magic
 17452 | Lair:1   | Noticed a catoblepas
 18156 | Lair:2   | Found a gate leading to a gauntlet.
 18166 | Gauntlet | Entered a Gauntlet
 18166 | Gauntlet | Found a transporter.
 18166 | Gauntlet | Found a transporter.
 18184 | Gauntlet | Found a transporter.
 18188 | Gauntlet | Found a transporter.
 18191 | Gauntlet | Noticed a tengu warrior
 18197 | Gauntlet | Found a transporter.
 18200 | Gauntlet | Found a transporter.
 18208 | Gauntlet | Found a transporter.
 18225 | Gauntlet | Found a transporter.
 18242 | Gauntlet | Found a transporter.
 18243 | Gauntlet | Found a transporter.
 18251 | Gauntlet | Found a transporter.
 18255 | Gauntlet | Found a transporter.
 18539 | Gauntlet | Reached skill level 8 in Earth Magic
 19517 | Gauntlet | Reached skill level 6 in Spellcasting
 19659 | Gauntlet | Identified the +3 broad axe "Ciekhl Gusa" {speed, rC+
                  | rCorr}
 19694 | Gauntlet | Identified the scarf "Loiher" {harm, Dex+2}
 19707 | Gauntlet | Identified the +1 bardiche of Winter {freeze, +Blink Will+
                  | Str+3}
 19707 | Gauntlet | Noticed a minotaur
 19717 | Gauntlet | Hit by a javelin thrown by a minotaur

Vanquished Creatures
  Josephine (D:10)
  A hydra (Lair:1)
  5 two-headed ogres
  A large abomination (Gauntlet)
  An orc knight (Bailey)
  An ugly thing (D:11)
  A black mamba (Lair:1)
  Maurice (D:10)
  An ice statue (Gauntlet)
  An unseen horror (D:11)
  A cane toad (Lair:2)
  A rime drake (Gauntlet)
  2 komodo dragons (Lair:1)
  A hornet (D:11)
  2 trolls
  3 wyverns
  4 wraiths
  12 yaks
  4 basilisks
  3 vampire mosquitoes (D:11)
  A steam dragon (D:10)
  2 wargs (D:10)
  3 water moccasins (D:7)
  Duvessa (D:5)
  5 orc warriors
  A black bear (D:7)
  3 sky beasts
  5 ogres
  A centaur (D:8)
  5 kobold brigands
  3 bullfrogs
  6 small abominations (Gauntlet)
  3 gnoll sergeants (D:11)
  2 scorpions
  7 wights
  Dowan (D:5)
  8 killer bees
  2 howler monkeys
  5 crimson imps (D:9)
  3 hounds
  2 jellies (D:5)
  3 orc priests
  Jessica (D:3)
  3 gnoll boudas (D:7)
  3 iguanas
  2 sleepcaps (D:7)
  9 orc wizards
  12 gnolls
  12 adders
  4 river rats
  3 shadow imps (D:9)
  3 white imps
  2 ufetubi
  3 worms
  A dart slug (D:1)
  29 orcs
  18 ball pythons
  8 bats
  10 endoplasms
  4 giant cockroaches
  3 goblins
  4 hobgoblins
  5 jackals
  30 kobolds
  6 quokkas
  2 frilled lizards
  11 rats
307 creatures vanquished.

Vanquished Creatures (collateral kills)
  An orc knight (Bailey)
  5 yaks
  2 orc warriors (D:11)
  A sky beast (D:8)
  A centaur (D:8)
  An ogre (D:11)
  A kobold brigand (D:11)
  A gnoll sergeant (D:11)
  A scorpion (D:6)
  2 wights (D:8)
  2 killer bees (D:10)
  A hound (D:5)
  A jelly (D:6)
  2 adders (Sewer)
  2 gnolls (D:7)
  A river rat (D:5)
  2 orcs
  A ball python (D:5)
  An endoplasm (D:1)
  A kobold (D:1)
  6 rats
36 creatures vanquished.

Vanquished Creatures (others)
  A water moccasin zombie (D:7)
  A wyvern zombie (D:10)
  2 warg zombies (D:10)
  13 yak zombies
  A centaur zombie (D:8)
  6 killer bee zombies (D:8)
  5 orc zombies
  4 gnoll zombies (D:7)
  2 ball python zombies (Sewer)
  5 kobold zombies
40 creatures vanquished.

Grand Total: 383 creatures vanquished

Table legend: (Time is in decaauts)
 A = Elapsed time spent in this place.
 B = Non-inter-level travel time spent in this place.
 C = Inter-level travel time spent in this place.
 D = Time resting spent in this place.
 E = Time spent auto-exploring this place.
 F = Levels seen in this place.
 G = Mean time per level.
                   A        B        C        D        E       F      G
               +--------+--------+--------+--------+--------+-----+--------+
         Total |  20550 |  19995 |    555 |   4273 |  11001 |  18 | 1141.7 |
       Dungeon |  15350 |  14824 |    526 |   2244 |   9635 |  12 | 1279.2 |
        Temple |     45 |     29 |     16 |      0 |     20 |   1 |   45.0 |
          Lair |   1465 |   1452 |     13 |    605 |    411 |   2 |  732.5 |
         Sewer |    904 |    904 |      0 |     18 |    670 |   1 |  904.0 |
        Bailey |   1234 |   1234 |      0 |    466 |    161 |   1 | 1234.0 |
      Gauntlet |   1550 |   1550 |      0 |    940 |    102 |   1 | 1550.0 |
               +--------+--------+--------+--------+--------+-----+--------+

Top non-repeatable levels by time:
    D:11: 2163 daAuts
    D:10: 1835 daAuts
     D:7: 1754 daAuts
     D:8: 1640 daAuts
     D:5: 1636 daAuts
Gauntlet: 1550 daAuts
     D:2: 1407 daAuts
  Lair:1: 1316 daAuts
     D:3: 1292 daAuts
  Bailey: 1234 daAuts
     D:1: 1173 daAuts
     D:9: 1001 daAuts
   Sewer: 904 daAuts
     D:6: 871 daAuts
     D:4: 561 daAuts

Table legend:
 A = Non-vault XP
 B = Vault XP
 C = Vault XP percentage of total XP
 D = Non-vault monster count
 E = Vault monster count
 F = Vault count percentage of total count
                 A         B        C        D         E       F
            +---------+---------+-------+---------+---------+-------
      Total |   18698 |    9328 |  33.3 |     214 |     129 |  37.6
            +---------+---------+-------+---------+---------+-------
        D:1 |      52 |       0 |   0.0 |      27 |       0 |   0.0
        D:2 |      99 |       0 |   0.0 |      20 |       0 |   0.0
        D:3 |     148 |      39 |  20.9 |      22 |       2 |   8.3
        D:4 |      60 |       0 |   0.0 |       5 |       0 |   0.0
        D:5 |     551 |     248 |  31.0 |      18 |      10 |  35.7
        D:6 |     346 |       0 |   0.0 |      13 |       0 |   0.0
        D:7 |    1317 |     355 |  21.2 |      25 |       6 |  19.4
        D:8 |    2274 |       0 |   0.0 |      24 |       0 |   0.0
        D:9 |    2113 |     281 |  11.7 |      13 |       9 |  40.9
       D:10 |    3309 |    2607 |  44.1 |      10 |      13 |  56.5
       D:11 |    3346 |    2202 |  39.7 |      18 |      20 |  52.6
     Lair:1 |    4432 |       0 |   0.0 |      16 |       0 |   0.0
     Lair:2 |     651 |       0 |   0.0 |       3 |       0 |   0.0
      Sewer |       0 |     214 | 100.0 |       0 |      43 | 100.0
     Bailey |       0 |    1435 | 100.0 |       0 |      17 | 100.0
   Gauntlet |       0 |    1947 | 100.0 |       0 |       9 | 100.0
            +---------+---------+-------+---------+---------+-------
